Selects Advanced Infantry Battlegroup
Construct Medical Station
Selects Convert to Ranger Squad
Construct Weapon Support Center
Improved M9 Bazooka Rockets
Selects Frontline Medical Station
Frontline Medical Station
Selects Ranger Weapon Training
Selects Artillery Observers
Selects M2A1 105mm Howitzer Emplacement
Advanced Air Reconnaissance
Grasshopper High-Altitude Recon Run
Grasshopper High-Altitude Recon Run